 Dungeon Crawl Stone Soup version 0.29.0-11-gd7f09526c8 (webtiles) character file.

Game seed: 13545589865700401660

511 scisormetimb3rs the Trooper (level 7, -1/91 HPs)
             Began as a Meteoran Fighter on Sept 2, 2022.
             Was a Follower of the Shining One.
             Succumbed to a water moccasin's poison
             ... on level 4 of the Dungeon.
             The game lasted 00:11:29 (2881 turns).

scisormetimb3rs the Trooper (Meteoran Fighter)      Turns: 2881, Time: 00:11:29

Health: -1/91      AC: 12    Str: 26    XL:     7   Next: 71%
Magic:  9/9        EV:  8    Int:  9    God:    the Shining One [*.....]
Gold:   149        SH:  5    Dex: 14    Spells: 6/6 levels left

rFire   . . .      SeeInvis .   a - +0 long sword
rCold   . . .      Faith    .   c - +0 buckler
rNeg    . . .      Spirit   .   m - +0 chain mail
rPois   .          Reflect  .   d - +0 helmet
rElec   .          Harm     .   (no cloak)
rCorr   .          Rampage  .   (no gloves)
Will    .....                   g - +0 pair of boots
Stlth   ..........              (no amulet)
HPRegen 0.25/turn               f - +6 ring of strength
MPRegen 0.11/turn               (no ring)

@: berserking, lethally poisoned (-1 -> -7), flying, glowing, very quick
A: sense surroundings 1, otherworldly, glowing, explore regen
a: Renounce Religion, Divine Shield


You were on level 4 of the Dungeon.
You worshipped the Shining One.
The Shining One was aware of your devotion.
You visited 2 branches of the dungeon, and saw 6 of its levels.

You collected 149 gold pieces.

Inventory:

Hand Weapons
 a - a +0 long sword (weapon)
Armour
 b - a +0 scale mail
 c - a +0 buckler (worn)
 d - a +0 helmet (worn)
 g - a +0 pair of boots (worn)
 m - a +0 chain mail (worn)
 s - a +0 kite shield
Jewellery
 f - a +6 ring of strength (left hand)
Wands
 u - a wand of flame (9)
Scrolls
 i - a scroll of teleportation
 j - a scroll of amnesia
 k - a scroll of butterflies {unknown}
 p - a scroll of poison {unknown}
 t - a scroll of identify
Potions
 e - a potion of degeneration {unknown}
 h - 2 potions of haste
 l - a potion of berserk rage
 n - 2 potions of mutation {unknown}
 o - 2 potions of brilliance {unknown}
 q - 2 potions of flight
 r - a potion of curing {unknown}


   Skills:
 * Level 5.5 Fighting
 * Level 5.4 Long Blades
 + Level 5.0 Armour
 + Level 5.0 Shields
 + Level 2.1 Invocations


You had 6 spell levels left.
You didn't know any spells.
Your spell library contained the following spells:

 Spells                   Type           Power      Damage    Failure   Level
 Portal Projectile        Hex/Tloc       0%         N/A       100%        3
 Tukima's Dance           Hex            0%         N/A       100%        3
 Blade Hands              Tmut           0%         N/A       100%        5
 Iskenderun's Battlesphe  Conj           0%         2d6       100%        5
 Iron Shot                Conj/Erth      0%         9d1       100%        6
 Spellforged Servitor     Conj/Summ      0%         N/A       100%        7


Dungeon Overview and Level Annotations

Branches:
Dungeon (5/15) Zot: 111    Temple (1/1) D:4 Zot: 527

Altars:
Elyvilon
Qazlal
Ru
The Shining One


Innate Abilities, Weirdness & Mutations

You passively map a small area around you.
You are easily found by Zot.
You glow in the dark.
You regain HP and MP as you explore.


Message History

It was a potion of berserk rage.
A red film seems to cover your vision as you go berserk!
You feel yourself moving faster!
You feel mighty!
You feel sick. The water moccasin bites you.
* * * LOW HITPOINT WARNING * * *
You are lethally poisoned!
The water moccasin poisons you!
You closely miss the water moccasin.
The water moccasin is heavily wounded.
* * * LOW HITPOINT WARNING * * *
You feel very sick.
The water moccasin bites you but does no damage.
You slash the water moccasin!
The water moccasin is almost dead.
* * * LOW HITPOINT WARNING * * *
You feel very sick.
The water moccasin bites you but does no damage.
You slash the water moccasin!
You kill the water moccasin!
* * * LOW HITPOINT WARNING * * *
You feel sick.
Your life force feels restored.
Your Armour skill increases to level 5!
Your Shields skill increases to level 5!
Your Invocations skill increases to level 2!
You are too berserk!
You slash the necrophage!
The necrophage is moderately damaged.
* * * LOW HITPOINT WARNING * * *
You feel very sick.
The necrophage hits you but does no damage.
You slash the necrophage!
The necrophage is almost destroyed.
* * * LOW HITPOINT WARNING * * *
You feel sick.
The necrophage hits you but does no damage.
You slash the necrophage!
You destroy the necrophage!
The Shining One accepts your kill.
You die...

.#.#...#.# * ######[#.##..#.#.*
,..#.. #.#.[[).#.# ####
######.#.# #.###.###.# #...
.......#.###.........#########...
.#####...........#....[...#..'...
.# #...........†>+........'.##...
.# #.#.#.###...#†#........#.##...
.# #.#.#.# #.#.#@.####'####.##...
.# #.#.#.###.#.#..## #.# #.#####
.###.#.#.#.#.#.#.#.###.# #..###*
.....#.#..........)..#.####....##
######.#.#.......#.......>......'
.# #.#..........###..####.##.##
.# #.#.......####..........). .#
##...>.......#.##########. .#
+#.......##..........#...


There were no monsters in sight!

Vanquished Creatures
  A water moccasin (D:4)
  2 necrophages (D:4)
  An orc priest (D:4)
  A hound (D:4)
  2 iguanas (D:4)
  An orc wizard (D:4)
  Robin (D:5)
  3 gnolls (D:4)
  9 adders
  An ufetubus (D:4)
  2 dart slugs
  7 orcs
  2 ball pythons
  5 bats
  3 endoplasms
  3 giant cockroaches
  15 goblins
  7 hobgoblins
  2 jackals (D:1)
  7 quokkas
  2 frilled lizards
  7 kobolds
  3 rats (D:2)
87 creatures vanquished.

Notes
Turn   | Place    | Note
-------+----------+-------------------------------------------
     0 | D:1      | scisormetimb3rs the Meteoran Fighter began the quest for
                  | the Orb.
     0 | D:1      | Reached XP level 1. HP: 19/19 MP: 2/2
    44 | D:1      | Reached XP level 2. HP: 26/26 MP: 3/3
   289 | D:1      | Reached XP level 3. HP: 31/31 MP: 4/4
   487 | D:1      | Glimpsed the power of Zot.
   828 | D:2      | Reached XP level 4. HP: 40/40 MP: 5/5
  1069 | D:2      | Glimpsed the power of Zot.
  1599 | D:3      | Reached XP level 5. HP: 46/46 MP: 6/6
  1719 | D:4      | Reached XP level 6. HP: 7/53 MP: 7/7
  1980 | D:4      | Found a staircase to the Ecumenical Temple.
  1989 | Temple   | Entered the Ecumenical Temple
  2026 | Temple   | Became a worshipper of the Shining One
  2078 | D:4      | Noticed Robin
  2092 | D:5      | Entered Level 5 of the Dungeon
  2112 | D:5      | Killed Robin
  2275 | D:4      | Reached skill level 1 in Invocations
  2547 | D:4      | Reached skill level 5 in Fighting
  2621 | D:4      | Reached XP level 7. HP: 61/61 MP: 8/8
  2678 | D:4      | Reached skill level 5 in Long Blades
  2761 | D:5      | Reached * piety under the Shining One
  2767 | D:5      | Noticed a water moccasin
  2878 | D:4      | Killed a water moccasin
  2878 | D:4      | HP: 4/90 [poisoned by a water moccasin]
  2879 | D:4      | Reached skill level 5 in Armour
  2879 | D:4      | Reached skill level 5 in Shields
  2880 | D:4      | HP: 1/91 [poisoned by a water moccasin]
  2881 | D:4      | Succumbed to a water moccasin's poison

Illustrated notes

Levels and vault maps discovered:
D:1:      heliophobic_arrival_dark_side_of_the_moon, layout_basic
D:2:      layout_loops_corners, skrybe_limestone_x
D:3:      layout_basic, kennysheep_generic_room_10
D:4:      layout_basic, temple_statues, st_stairs_4, uniq_robin
D:5:      layout_cave_pools
Temple:   dpeg_five_rooms_temple

Skill      XL: |  1  2  3  4  5  6  7 |
---------------+----------------------+-----
Long Blades    | 3 4 5 |  5.4
Shields        | 4 5 |  5.0
Armour         | 4 5 |  5.0
Fighting       | 4 5 |  5.5
Invocations    | 1 2 |  2.1

Action                   |  1- 3 |  4- 6 |  7- 9 || total
-------------------------+-------+-------+-------++-------
Melee: Long sword        |    71 |   210 |    39 ||   320
  Use: Potion            |       |     1 |     2 ||     3
       Scroll            |       |     3 |       ||     3
Armor: Scale mail        |    32 |    32 |       ||    64
       Chain mail        |       |   140 |    25 ||   165
Dodge: Dodged            |    33 |    92 |    15 ||   140
Block: Buckler           |    28 |    78 |    13 ||   119
